 Dungeon Crawl Stone Soup version 0.28.0 (webtiles) character file.

Game seed: 16452529508234529982

67 Buxparty the Shield-Bearer (level 4, 0/29 HPs)
             Began as a Gargoyle Fighter on Mar 4, 2022.
             Killed by divine providence
             ... invoked by an orc priest
              (10 damage)
             ... on level 3 of the Dungeon.
             The game lasted 00:03:11 (2249 turns).

Buxparty the Shield-Bearer (Gargoyle Fighter)       Turns: 2249, Time: 00:03:11

Health: 0/29       AC: 10    Str: 22    XL:     4   Next: 18%
Magic:  4/4        EV:  9    Int:  8    God:
Gold:   129        SH:  4    Dex:  9    Spells: 3/3 levels left

rFire   . . .      SeeInvis .   a - +0 flail
rCold   . . .      Faith    .   c - +0 buckler
rNeg    + . .      Spirit   .   b - +0 scale mail
rPois   ∞          Reflect  .   (no helmet)
rElec   +          Harm     .   (no cloak)
rCorr   .          Rampage  .   (no gloves)
Will    .....                   (no boots)
Stlth   ..........              (no amulet)
HPRegen 0.09/turn               (no ring)
MPRegen 0.09/turn               (no ring)

@: mighty
A: sickness immunity, AC +3, negative energy resistance 1, electricity
resistance, torment resistance 1, petrification resistance
a: no special abilities


You were on level 3 of the Dungeon.
You visited 1 branch of the dungeon, and saw 3 of its levels.

You collected 129 gold pieces.

Inventory:

Hand Weapons
 a - a +0 flail (weapon)
Armour
 b - a +0 scale mail (worn)
 c - a +0 buckler (worn)
Scrolls
 e - a scroll of enchant weapon {unknown}
 f - a scroll of enchant armour {unknown}
 g - 3 scrolls of identify {unknown}
 h - a scroll of noise {unknown}
 i - a scroll of teleportation {unknown}
Potions
 k - a potion of flight {unknown}
 l - a potion of resistance {unknown}
 m - 2 potions of berserk rage {unknown}


   Skills:
 + Level 3.8 Fighting
 + Level 2.7 Maces & Flails
 + Level 3.8 Armour
 + Level 4.0 Shields


You had 3 spell levels left.
You didn't know any spells.
Your spell library was empty.

Dungeon Overview and Level Annotations

Branches:
Dungeon (3/15)

Altars:


Innate Abilities, Weirdness & Mutations

You are immune to sickness and miasma.
Your stone body is resilient. (AC +3)
You are immune to poison.
You resist negative energy. (rN+)
You are resistant to electric shocks. (rElec)
You are resistant to unholy torment.
You are immune to petrification.


Message History

You closely miss something. The bat closely misses you.
The orc priest hits you but does no damage.
You hear some strange, mumbled words.
A magic dart appears from out of thin air!
The magic dart hits you but does no damage.
Something hits you but does no damage. The orc hits you but does no damage.
You bump into the rock wall.
The bat hits you but does no damage.
The orc priest hits you but does no damage.
The bat hits you but does no damage. Something hits you but does no damage.
You hear some strange, mumbled words.
You are more confused.
The orc hits you but does no damage.
You completely miss something. The bat hits you.
The orc priest closely misses you. Something hits you but does no damage.
You hear some strange, mumbled words.
You are more confused.
The orc hits you with a +0 hand axe. The orc priest closely misses you.
You completely miss something. The bat barely misses you.
Something hits you but does no damage. x2; The bat barely misses you.
The orc hits you but does no damage.
The orc priest mumbles some strange prayers to Beogh against you.
Pain shoots through your body!
The hobgoblin hits you but does no damage.
Something hits you.
You hear some strange, mumbled words.
Something tries to affect you, but you resist.
You feel very mighty all of a sudden. The bat hits you but does no damage.
The orc barely misses you.
The hobgoblin hits you but does no damage.
The orc priest hits you with a +0 mace.
* * * LOW HITPOINT WARNING * * *
The hobgoblin hits you but does no damage.
Something hits you but does no damage. Something hits you.
* * * LOW HITPOINT WARNING * * *
It was a potion of curing.
You feel better. The bat hits you but does no damage.
The orc hits you with a +0 hand axe. The hobgoblin misses you.
The orc priest mumbles some strange prayers to Beogh against you.
Beogh smites you!
You die...

#+####. # .......
#.#######.......
+.....<.+..(....
#.##...##.......
........{bg......
........g@{......
.>......o#o......
##.##....#..#####
#. #....#..# #
#.^..#..#
#....##.. #....#
... #.... ...


You could see an orc priest, an orc, 2 hobgoblins and a bat.

Vanquished Creatures
  2 worms (D:2)
  A dart slug (D:2)
  An orc (D:3)
  5 bats
  7 endoplasms
  2 giant cockroaches (D:1)
  6 goblins (D:1)
  3 hobgoblins (D:1)
  7 jackals
  4 kobolds
  A quokka (D:1)
  5 ball pythons (D:1)
  4 frilled lizards
  2 rats (D:1)
50 creatures vanquished.

Notes
Turn   | Place    | Note
-------+----------+-------------------------------------------
     0 | D:1      | Buxparty the Gargoyle Fighter began the quest for the Orb.
     0 | D:1      | Reached XP level 1. HP: 14/14 MP: 1/1
   371 | D:1      | Reached XP level 2. HP: 19/19 MP: 2/2
   780 | D:1      | Reached XP level 3. HP: 23/23 MP: 3/3
  1722 | D:2      | Reached skill level 4 in Shields
  1722 | D:2      | Reached XP level 4. HP: 14/29 MP: 4/4
  2249 | D:3      | Killed from afar by an orc priest

Illustrated notes

Levels and vault maps discovered:
D:1:      co_arrival_square_in_a_square_in_a_square, layout_loops_corners,
          minmay_split_cup_large
D:2:      layout_loops_ring
D:3:      layout_basic, uniq_grinder, uniq_crazy_yiuf_cottage, uniq_ijyb

Skill      XL: |  1  2  3 |
---------------+----------+-----
Shields        | 4 |  4.0
Fighting       | |  3.8
Maces & Flails | |  2.7
Armour         | |  3.8

Action                   |  1- 3 |  4- 6 || total
-------------------------+-------+-------++-------
Melee: Flail             |   153 |    24 ||   177
  Use: Potion            |       |     2 ||     2
Armor: Scale mail        |    86 |    46 ||   132
Dodge: Dodged            |    69 |    24 ||    93
Block: Buckler           |    31 |     2 ||    33
